 Dungeon Crawl Stone Soup version 0.31.0-11-ge490571c62 (webtiles) character file.

Game seed: 12047074553749361992

413 qw the Skirmisher (level 6, 0/35 HPs)
             Began as a Deep Elf Hunter on Feb 3, 2024.
             Was a Follower of Okawaru.
             Slain by a gnoll
             ... wielding a +0 halberd
              (9 damage)
             ... on level 4 of the Dungeon.
             The game lasted 00:00:12 (2952 turns).

qw the Skirmisher (Deep Elf Hunter)                 Turns: 2952, Time: 00:00:12

Health: 0/35       AC:  8    Str: 10    XL:     6   Next: 59%
Magic:  9/9        EV:  9    Int: 14    God:    Okawaru [*.....]
Gold:   109        SH:  0    Dex: 18    Spells: 5/5 levels left

rFire   . . .        a - +1 shortbow
rCold   + . .        (shield currently unavailable)
rNeg    . . .        c - +1 scale mail {rC+}
rPois   .            f - +0 helmet
rElec   .            g - scarf {repulsion}
rCorr   .            (no gloves)
SInv    .            (no boots)
Will    .....        (no amulet)
Stlth   +            (no ring)
HPRegen 0.25/turn    (no ring)
MPRegen 0.11/turn

%: repel missiles
@: no status effects
A: no striking features
a: Renounce Religion, Heroism


You were on level 4 of the Dungeon.
You worshipped Okawaru.
Okawaru was aware of your devotion.
You visited 1 branch of the dungeon, and saw 4 of its levels.

You collected 109 gold pieces.


   Skills:
 - Level 1.7 Fighting
 - Level 9.9 Ranged Weapons
 + Level 0.9 Armour
 - Level 2.4 Dodging
 - Level 1.2 Stealth
 + Level 1.6 Invocations


You had 5 spell levels left.
You didn't know any spells.
Your spell library was empty.

Inventory:

Hand Weapons
 a - a +1 shortbow (weapon)
Armour
 c - a +1 scale mail of cold resistance (worn)
 f - a +0 helmet (worn)
 g - a scarf of repulsion (worn)
Scrolls
 b - a scroll of enchant armour {unknown}
Potions
 d - a potion of curing
 h - a potion of brilliance {unknown}
 i - a potion of mutation {unknown}

Dungeon Overview and Level Annotations

Branches:
Dungeon (4/15)
 Temple: D:4-7

Altars:
Dithmenos
Okawaru


Message History

The gnoll hits you with a +0 whip.
The gnoll hits you from afar with a +0 spear!
2943 ||| DRINKING 2 potions of heal wounds.
You feel much better.
The gnoll hits you from afar with a +0 spear.
The gnoll barely misses you. The gnoll hits you but does no damage.
You shoot an arrow. The arrow hits the gnoll.
The gnoll is severely wounded.
The gnoll hits you from afar with a +0 spear.
The gnoll barely misses you. The gnoll hits you but does no damage.
You shoot an arrow. The arrow hits the gnoll!
You kill the gnoll!
Okawaru accepts your kill.
The gnoll hits you from afar with a +0 spear.
The gnoll closely misses you.
2946 ||| DRINKING potion of heal wounds.
You feel much better.
The gnoll hits you from afar with a +0 halberd.
The gnoll hits you from afar with a +0 spear.
You shoot an arrow.
The arrow hits the gnoll but does no damage.
The gnoll is moderately wounded.
The gnoll barely misses you. The gnoll hits you but does no damage.
You shoot an arrow. The arrow barely misses the gnoll.
The gnoll hits you from afar with a +0 halberd.
The gnoll barely misses you.
You shoot an arrow. The arrow barely misses the gnoll.
The gnoll hits you from afar with a +0 spear.
The gnoll hits you but does no damage. The gnoll closely misses you.
The gnoll hits you but does no damage.
You shoot an arrow. The arrow hits the gnoll!
You kill the gnoll!
Okawaru accepts your kill.
The gnoll hits you from afar with a +0 halberd.
You shoot an arrow. The arrow hits the gnoll!
The gnoll is severely wounded.
The gnoll hits you from afar with a +0 halberd!
You shoot an arrow. The arrow closely misses the gnoll.
The gnoll hits you from afar with a +0 halberd!
You die...

... . ..# ...
..###..#..# #.. #...
##...##.....##..#
#...###.................
#......)g #.........##..
#...)...####..._...####.
#......@)##.........##..
#.......................
#..........##.....##....
#.........###..#..###...
#..###....##..###..##...
## #........###.....#'
.............#......#.
..........#.........#.
..........#.........#.


You could see a gnoll.

Vanquished Creatures
  Sigmund (D:3)
  A hound (D:4)
  Terence (D:3)
  An orc wizard (D:3)
  5 adders
  3 gnolls (D:4)
  A dart slug (D:3)
  2 ribbon worms (D:2)
  10 orcs
  10 endoplasms
  4 giant cockroaches
  6 goblins
  6 hobgoblins
  A jackal (D:1)
  4 kobolds
  6 quokkas
  5 ball pythons
  5 bats
  5 frilled lizards
  8 rats
85 creatures vanquished.

Notes
Turn   | Place    | Note
-------+----------+-------------------------------------------
     0 | D:1      | qw the Deep Elf Hunter began the quest for the Orb.
     0 | D:1      | Reached XP level 1. HP: 12/12 MP: 3/3
     0 | D:1      | 0 ||| qw: Version: 0.3-a-157-g843a77d
     0 | D:1      | 0 ||| qw: Game counter: 3831
     0 | D:1      | 0 ||| qw: Melee chars always use a shield: true
     0 | D:1      | 0 ||| qw: God list: Okawaru
     0 | D:1      | 0 ||| qw: Allow faded altars: false
     0 | D:1      | 0 ||| qw: Do Orc after clearing Dungeon:15 true
     0 | D:1      | 0 ||| qw: Do second Lair branch before Depths: true
     0 | D:1      | 0 ||| qw: Lair rune preference: random
     0 | D:1      | 0 ||| qw: Goals: Normal
     0 | D:1      | 0 ||| PLANNING D:1-11
   163 | D:1      | Reached skill level 6 in Ranged Weapons
   163 | D:1      | Reached XP level 2. HP: 16/16 MP: 4/4
   429 | D:1      | Reached XP level 3. HP: 20/20 MP: 5/5
   659 | D:1      | 659 ||| UPGRADING to scarf of repulsion.
   664 | D:1      | 664 ||| READING scroll labelled RUQEEB KOCUXOPUE.
   664 | D:1      | 664 ||| IDENTIFYING smoky golden potion
   665 | D:1      | 665 ||| DRINKING 2 viscous sapphire potions.
   666 | D:1      | 666 ||| DROPPING scroll of butterflies.
   972 | D:2      | Reached skill level 7 in Ranged Weapons
   985 | D:2      | 985 ||| FLEEEEING.
  1175 | D:2      | Found an iron altar of Okawaru.
  1176 | D:2      | 1176 ||| PLANNING OKAWARU WORSHIP
  1176 | D:2      | 1176 ||| UPGRADING to +0 ring mail.
  1186 | D:2      | 1186 ||| DROPPING +0 leather armour.
  1194 | D:2      | Became a worshipper of Warmaster Okawaru
  1195 | D:2      | 1195 ||| PLANNING D:1-11
  1387 | D:2      | Reached XP level 4. HP: 25/25 MP: 6/6
  1797 | D:2      | 1797 ||| UPGRADING to +0 helmet.
  1802 | D:2      | 1802 ||| READING scroll labelled BACUNI ZIPSOICW.
  1881 | D:3      | Reached skill level 8 in Ranged Weapons
  2032 | D:3      | Noticed Terence
  2039 | D:3      | HP: 1/25 [Terence/+0 trident (10)]
  2040 | D:3      | 2040 ||| DRINKING 3 potions of heal wounds.
  2052 | D:3      | 2052 ||| RETREEEEATING.
  2053 | D:3      | 2053 ||| RETREEEEATING.
  2054 | D:3      | 2054 ||| RETREEEEATING.
  2055 | D:3      | 2055 ||| RETREEEEATING.
  2056 | D:3      | HP: 5/25 [Terence/+0 trident (8)]
  2057 | D:3      | 2057 ||| DRINKING 2 potions of heal wounds.
  2059 | D:3      | 2059 ||| FLEEEEING.
  2060 | D:3      | 2060 ||| FLEEEEING.
  2061 | D:3      | 2061 ||| STAIRDANCE
  2087 | D:2      | 2087 ||| READING scroll labelled PIT SOCUIRPHI.
  2087 | D:2      | 2087 ||| ENCHANTING +0 shortbow.
  2090 | D:3      | 2090 ||| STAIRDANCE
  2171 | D:3      | 2171 ||| STAIRDANCE
  2181 | D:3      | 2181 ||| STAIRDANCE
  2195 | D:3      | 2195 ||| STAIRDANCE
  2215 | D:3      | Killed Terence
  2216 | D:3      | Reached XP level 5. HP: 29/29 MP: 7/7
  2265 | D:3      | Noticed Sigmund
  2271 | D:3      | Killed Sigmund
  2271 | D:3      | Reached * piety under Okawaru
  2272 | D:3      | Reached skill level 9 in Ranged Weapons
  2272 | D:3      | Reached XP level 6. HP: 30/34 MP: 8/8
  2732 | D:3      | 2732 ||| UPGRADING to +1 scale mail of cold resistance.
  2742 | D:3      | 2742 ||| DROPPING +0 ring mail.
  2743 | D:3      | 2743 ||| READING scroll labelled CEUSOE PAUPSUPN.
  2766 | D:4      | Reached skill level 1 in Invocations
  2903 | D:4      | Found a shadowy altar of Dithmenos.
  2942 | D:4      | HP: 4/35 [gnoll/+0 spear (7)]
  2943 | D:4      | 2943 ||| DRINKING 2 potions of heal wounds.
  2946 | D:4      | 2946 ||| DRINKING potion of heal wounds.
  2952 | D:4      | Slain by a gnoll

Levels and vault maps discovered:
D:1:      minmay_arrival_four_houses, layout_basic, minmay_heptomino_w4
D:2:      layout_basic, basic_altar
D:3:      kb_forest_paths, layout_basic, chequers_mini_garden, uniq_sigmund,
          uniq_terence
D:4:      layout_gridville, nicolae_dithmenos_shadow_blocks, minmay_diced_spiral

Skill      XL: |  1  2  3  4  5  6 |
---------------+-------------------+-----
Ranged Weapons | 6 7 8 9 |  9.9
Invocations    | 1 |  1.6
Fighting       | |  1.7
Armour         | |  0.9
Dodging        | |  2.4
Stealth        | |  1.2

Action                     |  1- 3 |  4- 6 || total
---------------------------+-------+-------++-------
   Fire: Shortbow          |   144 |   143 ||   287
    Use: Potion            |     1 |     4 ||     5
         Scroll            |     1 |     3 ||     4
 Armour: Leather armour    |    39 |       ||    39
         Ring mail         |     3 |    38 ||    41
         Scale mail        |       |    31 ||    31
  Dodge: Dodged            |    34 |    56 ||    90

Table legend:
 A = Non-vault XP
 B = Vault XP
 C = Vault XP percentage of total XP
 D = Non-vault monster count
 E = Vault monster count
 F = Vault count percentage of total count
                 A         B        C        D         E       F
            +---------+---------+-------+---------+---------+-------
      Total |     292 |     298 |  50.5 |      69 |      16 |  18.8
            +---------+---------+-------+---------+---------+-------
        D:1 |      31 |      13 |  29.5 |      20 |       8 |  28.6
        D:2 |      81 |       0 |   0.0 |      21 |       0 |   0.0
        D:3 |      90 |     285 |  76.0 |      21 |       8 |  27.6
        D:4 |      90 |       0 |   0.0 |       7 |       0 |   0.0
            +---------+---------+-------+---------+---------+-------
